 Dungeon Crawl Stone Soup version 0.26-a0-812-g31a745ddcd (webtiles) character file.

Game seed: 13265723258430037284

241585 tilp the Gelid (level 19, -8/159 HPs)
             Began as a Barachi Ice Elementalist on Nov 23, 2020.
             Was the Champion of Ashenzari.
             Killed from afar by a will-o-the-wisp (28 damage)
             ... with a foxfire
             ... on level 4 of the Swamp.
             The game lasted 02:07:23 (51611 turns).

tilp the Gelid (Barachi Ice Elementalist)          Turns: 51611, Time: 02:07:24

Health: -8/159     AC: 27    Str: 15    XL:     19   Next: 81%
Magic:  35/35      EV: 20    Int: 23    God:    Ashenzari [******]
Gold:   2544       SH:  0    Dex: 14    Spells: 10/43 levels left

rFire    . . .     SeeInvis +   a - +6 dire flail (spect) (curse)
rCold    + . .     Faith    .   (shield currently unavailable)
rNeg     . . .     Spirit   .   J - +10 ring mail "Ileomaic" {rF+ rCorr Str+6} (curse)
rPois    +         Reflect  .   Z - +2 helmet (curse)
rElec    .         Harm     .   y - scarf {shadows} (curse)
rCorr    +         Rampage  .   q - +2 pair of gloves (curse)
MR       +....     Clarity  +   u - +2 pair of boots (curse)
Stlth    ++++......             b - amulet of magic regeneration (curse)
HPRegen  0.36/turn              e - ring of ice (curse)
MPRegen  0.49/turn              C - ring of poison resistance

@: slow
A: +LOS, swims, slowness 1, strong legs 2
}: 1/15 runes: serpentine
a: Hop, Curse Item, Scrying, Transfer Knowledge, Renounce Religion


You were on level 4 of the Swamp.
You worshipped Ashenzari.
Ashenzari was exalted by your worship.
You visited 5 branches of the dungeon, and saw 31 of its levels.
You also visited: Sewer and Ice Cave.

You collected 4030 gold pieces.
You spent 1486 gold pieces at shops.

Inventory:

Hand Weapons
 a - a cursed +6 spectral dire flail (weapon)
 h - a +2 demon whip of venom
 G - a +3 great mace of holy wrath
Missiles
 H - 5 throwing nets {!f}
 I - 29 boomerangs (quivered)
 Q - 7 javelins
Armour
 q - a cursed +2 pair of gloves (worn)
 u - a cursed +2 pair of boots (worn)
 y - a cursed scarf of shadows (worn)
 J - the cursed +10 ring mail "Ileomaic" (worn) {rF+ rCorr Str+6}
   (You found it on level 6 of the Dungeon)

   It affects your strength (+6).
   It protects you from fire.
   It provides partial protection from all sources of acid and corrosion.
   It has a curse placed upon it.
 Z - a cursed +2 helmet (worn)
Jewellery
 b - a cursed amulet of magic regeneration (around neck)
 c - an uncursed ring of protection from cold
 e - a cursed ring of ice (left hand)
 C - a ring of poison resistance (right hand)
 L - an uncursed ring of protection from fire
 W - an uncursed ring of flight
Wands
 i - a wand of flame (10)
 l - a wand of disintegration (8)
 o - a wand of polymorph (31)
 E - a wand of iceblast (32)
 K - a wand of acid (22)
 O - a wand of digging (9)
 S - a wand of paralysis (13)
 V - a wand of enslavement (5)
Scrolls
 j - a scroll of blinking
 k - 14 scrolls of identify
 p - 5 scrolls of fog
 r - 3 scrolls of enchant armour
 t - 6 scrolls of magic mapping
 v - 6 scrolls of fear
 w - 7 scrolls of teleportation
 D - 6 scrolls of remove curse
 F - 5 scrolls of amnesia
 Y - a scroll of silence
Potions
 d - 18 potions of curing
 f - 6 potions of heal wounds
 g - 9 potions of flight
 m - a potion of ambrosia
 n - 4 potions of invisibility
 s - 6 potions of haste
 x - 2 potions of resistance
 z - 2 potions of attraction
 A - 4 potions of magic
 B - 2 potions of mutation
 M - 5 potions of might
 P - a potion of brilliance
 U - a potion of cancellation
Miscellaneous
 N - a lightning rod (4/4)
 R - a phantom mirror
 T - a condenser vane
 X - a phial of floods


   Skills:
 + Level 16.7 Fighting
 - Level 10.4(15.9) Maces & Flails
 - Level 12.0 Throwing
 - Level 5.5(10.0) Armour
 + Level 11.6(15.8) Dodging
 + Level 10.9 Stealth
   Level 4.5 Shields
 + Level 12.6 Spellcasting
 - Level 6.9(10.0) Conjurations
 - Level 2.0(4.2) Hexes
 - Level 5.3(8.3) Summonings
 + Level 18.1(20.5) Ice Magic
 + Level 6.1(9.2) Air Magic
 + Level 10.2(13.0) Evocations


You had 10 spell levels left.
You knew the following spells:

 Your Spells              Type           Power        Failure   Level
a - Freeze                Ice            ####         0%          1
b - Frozen Ramparts       Ice            ######       0%          3
c - Ozocubu's Armour      Ice            #######.     0%          3
d - Hailstorm             Conj/Ice       ######..     1%          4
e - Summon Ice Beast      Ice/Summ       ######..     1%          4
f - Ozocubu's Refrigerat  Ice            #######...   1%          6
g - Metabolic Englaciati  Hex/Ice        ######....   1%          5
h - Swiftness             Air            ####....     1%          2
i - Apportation           Tloc           #.....       6%          1
j - Airstrike             Air            ####......   1%          4

Your spell library contained the following spells:

 Spells                   Type           Power        Failure   Level
 Corona                   Hex            ###....      1%          1
 Summon Small Mammal      Summ           ####         1%          1
 Call Imp                 Summ           ####....     1%          2
 Corpse Rot               Necr/Air       N/A          1%          2
 Ice Form                 Ice/Tmut       ######..     1%          4
 Stone Arrow              Conj/Erth      ###...       2%          3
 Freezing Cloud           Conj/Ice/Air   ######....   4%          6
 Animate Skeleton         Necr           #.....       6%          1
 Pain                     Necr           #...         6%          1
 Sandblast                Erth           #.....       6%          1
 Passwall                 Tmut/Erth      #.......     10%         2
 Silence                  Hex/Air        ###.......   13%         5
 Simulacrum               Ice/Necr       ######....   16%         6
 Vampiric Draining        Necr           #.........   19%         3
 Summon Forest            Summ/Tloc      ###.......   32%         5
 Animate Dead             Necr           #.........   52%         4
 Petrify                  Tmut/Erth      #.......     52%         4
 Agony                    Necr           #.......     86%         5
 Lee's Rapid Deconstruct  Erth           #.........   86%         5
 Summon Hydra             Summ           ####......   89%         7
 Eringya's Noxious Bog    Tmut/Pois      #.........   100%        6
 Hydra Form               Tmut           #.........   100%        6
 Dragon's Call            Summ           ####......   100%        9
 Tornado                  Air            ####......   100%        9


Dungeon Overview and Level Annotations

Branches:
Dungeon (15/15)            Temple (0/1) D:6            Lair (6/6) D:9
  Swamp (4/4) Lair:2        Snake (4/4) Lair:3        Slime (0/5) Lair:6
    Orc (2/2) D:12            Elf (0/3) Orc:2        Vaults (0/5) D:13
 Depths (0/5) D:15          Sewer (visited)           IceCv (visited)

Altars:
Ashenzari
Dithmenos
Elyvilon
Makhleb
Ru
Beogh
Jiyva

Shops:
D:7 *   D:8 (   D:9 (*   D:12 ([   Orc:2 }*[*   Snake:1 [

Portals:
Pandemonium: Orc:2

Annotations:
D:15 reaper dig vault
Swamp:2 Roxanne
Swamp:4 3 runed translucent doors, p0werm0de's ghost, journeyman DDFi


Innate Abilities, Weirdness & Mutations

You can be seen from farther away. (+LOS)
You can swim through water.
You cover ground slowly.
You can hop long distances.


Message History

The eight-headed hydra bites you.
* * * LOW HITPOINT WARNING * * *
The eight-headed hydra barely misses you.
The eight-headed hydra completely misses you.
There are no items here.
Unknown command.
The will-o-the-wisp gestures.
The will-o-the-wisp conjures some foxfire!
The eight-headed hydra bites you but does no damage. x2
The eight-headed hydra bites you!
* * * LOW HITPOINT WARNING * * *
The eight-headed hydra completely misses you.
The eight-headed hydra bites you but does no damage. x2
The eight-headed hydra bites you.
* * * LOW HITPOINT WARNING * * *
The eight-headed hydra barely misses you. 2 foxfires come into view.
There is a stone staircase leading up, spattered with blood here.
The foxfire hits you!!
You die...

♣♣♣♣♣♣♣.≈≈≈≈....♣♣♣♣≈≈..≈♣♣ ♣
♣♣..≈.≈.≈≈≈.≈≈.≈♣♣♣≈..≈§.♣♣
♣.≈≈.≈≈≈≈≈≈≈..≈♣♣♣♣.<..♣♣♣
♣≈≈≈≈≈≈≈≈♣.≈§..♣ ♣.≈§≈≈≈♣
♣≈§≈≈≈≈≈≈≈≈....♣♣♣.≈≈..♣♣
♣.≈§≈≈≈..≈≈≈..≈≈.♣.≈.♣♣♣
..†§≈≈≈≈.♣♣♣♣.≈≈≈≈≈≈♣♣♣♣♣♣♣♣♣♣♣♣♣
≈≈≈≈≈≈≈..♣* ♣♣≈...≈.♣♣...(.....†.
≈≈≈≈≈≈.♣♣.♣* ♣♣♣@Dv.♣♣.#########÷
≈≈≈.≈≈.♣ ≈.≈* ♣vD§§♣♣.#.......#÷
≈.≈....≈≈.♣≈≈♣*♣§v§k♣≈.#{![?!$.#.
≈≈.≈≈≈♣#≈♣##≈..♣≈§≈k≈≈.#D#...#.#.
.≈≈≈#♣♣*♣♣ ##≈...≈≈≈≈.#F.#.#..#†
..≈♣#* ** ***♣#.....≈..#W#...#.#.
.≈♣# , ∆, ##≈≈♣♣...#f......#÷ ≈♣
* ≈ , , ,*##≈≈§f†.#{......#. **
,,≈ ≈≈ ≈≈≈, *#...[††###+++###.


You could see a shambling mangrove, an eight-headed hydra, a four-headed hydra,
2 lindwurms and a will-o-the-wisp.

Vanquished Creatures
  Vashnia (Snake:4)
  Nikola (Swamp:1)
  Rupert (Lair:3)
  Agnes (Snake:3)
  Kirke (D:15)
  A fenstrider witch (Lair:2)
  12 nagarajas
  A frost giant (IceCv)
  4 bunyips
  Nessos (D:12)
  Azrael (D:13)
  6 eleionomae
  An ettin (Orc:1)
  The ghost of emiel the Cleaver, a journeyman FoAr of Gozag (D:12)
  A rakshasa (D:15)
  19 hydras
  23 naga warriors
  4 vault guards (D:13)
  An ogre mage (D:15)
  2 centaur warriors
  2 hell beasts (D:8)
  2 boulder beetles
  6 alligators
  A tengu warrior (D:14)
  5 anacondas
  4 two-headed ogres (D:15)
  5 death yaks (Lair:6)
  A deep troll earth mage (D:14)
  3 orc high priests (Orc:2)
  4 shock serpents
  17 naga sharpshooters
  4 goliath frogs
  Nergalle (D:11)
  A soul eater (Orc:2)
  A sixfirhy (Orc:2)
  3 skeletal warriors
  A salamander mystic (Snake:2)
  A sea snake (Snake:1)
  A wizard (D:14)
  A glowing orange brain (D:15)
  9 swamp dragons
  4 unseen horrors
  A gelid demonspawn (Orc:2)
  A torturous demonspawn (Orc:2)
  An infernal demonspawn (Orc:2)
  2 spriggan druids
  4 bog bodies
  15 naga ritualists
  An obsidian statue (D:11)
  6 mana vipers
  A lindwurm (Lair:5)
  6 orc knights
  10 orc sorcerers
  18 ugly things
  3 cyclopes
  3 slime creatures (D:15)
  6 manticores
  2 will-o-the-wisps
  6 salamanders
  30 black mambas
  The ghost of Lanoc the Chucker, a novice TrAM (D:5)
  7 guardian serpents
  2 ice statues
  7 orange demons
  Joseph (D:8)
  26 elephants
  19 naga magi
  4 gargoyles
  A torpor snail (Lair:3)
  A nameless horror (D:5)
  26 cane toads
  10 komodo dragons
  3 kobold demonologists (D:12)
  4 guardian mummies (D:15)
  3 ice devils
  5 rime drakes
  3 meliai (Lair:4)
  3 red devils
  A bloated husk (Swamp:2)
  A merfolk (shapeshifter) (D:15)
  2 tengu conjurers (D:13)
  5 trolls
  8 tyrant leeches
  3 hornets
  25 blink frogs
  22 polar bears
  3 shadows
  11 spriggans
  8 wyverns
  A wraith (D:10)
  74 yaks
  4 basilisks
  Grum (D:11)
  2 fire elementals (D:13)
  3 hogs
  A chaos spawn (Orc:2)
  7 humans (D:13)
  21 vampire mosquitoes
  Edmund (D:5)
  3 wargs
  65 nagas
  An acid dragon (D:13)
  16 swamp worms
  10 water moccasins
  6 hell hounds (D:13)
  A hornet zombie (D:15)
  2 black bears
  31 orc warriors
  4 swamp drakes
  14 ice beasts
  2 phantoms
  4 sky beasts
  11 ogres
  A black bear (shapeshifter) (D:15)
  2 necrophages
  5 centaurs
  28 wolves
  3 big kobolds
  31 bullfrogs
  A gnoll sergeant (D:6)
  A wyvern skeleton (D:12)
  56 killer bees
  6 scorpions
  34 wights
  3 electric eels (Snake:1)
  6 howler monkeys
  3 jellies
  2 bullfrog zombies
  4 iron imps (D:8)
  6 bullfrog skeletons
  3 centaur zombies
  2 hounds
  26 orc priests
  A gnoll shaman (D:3)
  3 centaur skeletons
  2 hell rats (Lair:4)
  3 iguanas
  28 orc wizards
  10 worker ants
  A killer bee zombie (D:6)
  A hound skeleton (D:4)
  4 mummies (D:15)
  3 worker ant zombies
  12 gnolls
  12 adders
  A howler monkey skeleton (D:6)
  9 river rats (Lair:4)
  A shadow imp (D:7)
  4 white imps
  4 ufetubi
  10 oozes
  An adder zombie (D:6)
  3 worms
  3 dart slugs
  19 leopard geckos
  83 orcs
  7 bats
  15 giant cockroaches
  6 goblins
  3 hobgoblins (D:2)
  14 jackals
  23 kobolds
  6 quokkas
  12 ball pythons
  17 frilled lizards
  A jackal skeleton (D:8)
  A quokka skeleton (D:6)
  5 rats
  A butterfly (Lair:3)
1328 creatures vanquished.

Vanquished Creatures (collateral kills)
  Snorg (Lair:3)
  A hydra (Lair:1)
  A smoke demon (Orc:2)
  2 neqoxecs (Orc:2)
  A steam dragon (Lair:3)
  An orc warrior (Orc:2)
  An ogre (D:6)
  An orc priest (Orc:2)
  2 orcs
11 creatures vanquished.

Vanquished Creatures (others)
  A bloated husk (Swamp:1)
  A polar bear (IceCv)
  4 humans
  A yak (IceCv)
  A sky beast (D:14)
  3 foxfires (Swamp:4)
  44 fungi
  116 plants
171 creatures vanquished.

Grand Total: 1510 creatures vanquished

Notes
Turn   | Place    | Note
-------+----------+-------------------------------------------
     0 | D:1      | tilp the Barachi Ice Elementalist began the quest for the
                  | Orb.
     0 | D:1      | Reached XP level 1. HP: 13/13 MP: 3/3
   329 | D:1      | Reached skill level 5 in Ice Magic
   594 | D:1      | Reached skill level 1 in Maces & Flails
   594 | D:1      | Reached XP level 2. HP: 19/19 MP: 0/5
  1100 | D:1      | Reached XP level 3. HP: 24/24 MP: 0/6
  1461 | D:1      | Learned a level 3 spell: Frozen Ramparts
  1734 | D:2      | Reached XP level 4. HP: 24/30 MP: 3/7
  1814 | D:2      | Reached skill level 6 in Ice Magic
  1868 | D:2      | Learned a level 3 spell: Ozocubu's Armour
  2840 | D:3      | Found a transporter.
  2844 | D:3      | Found a transporter.
  2858 | D:3      | Found a broken altar of Ashenzari.
  2984 | D:3      | Reached XP level 5. HP: 35/35 MP: 6/8
  3306 | D:3      | Found a faded altar of an unknown god.
  3525 | D:3      | Reached skill level 1 in Fighting
  3716 | D:3      | Became a worshipper of Ashenzari the Shackled
  3873 | D:4      | Reached XP level 6. HP: 22/44 MP: 5/10
  3891 | D:4      | Found a glowing drain.
  3922 | Sewer    | Entered a sewer
  4768 | Sewer    | Reached XP level 7. HP: 47/52 MP: 6/12
  4897 | D:4      | Reached skill level 7 in Ice Magic
  5424 | D:4      | Reached skill level 8 in Ice Magic
  5501 | D:4      | Reached skill level 1 in Evocations
  5713 | D:5      | Entered Level 5 of the Dungeon
  5713 | D:5      | Noticed Lanoc's ghost (novice TrAM)
  5717 | D:5      | Found a runed translucent door.
  5742 | D:5      | Reached XP level 8. HP: 61/61 MP: 8/14
  5915 | D:5      | Noticed Edmund
  5926 | D:5      | Killed Edmund
  6071 | D:5      | Reached skill level 5 in Fighting
  6155 | D:5      | Found Viwnylic's General Store.
  6285 | D:5      | Reached skill level 5 in Maces & Flails
  6613 | D:5      | Learned a level 4 spell: Hailstorm
  6618 | D:5      | Learned a level 4 spell: Summon Ice Beast
  6739 | D:6      | Reached XP level 9. HP: 69/69 MP: 11/15
  6897 | D:6      | Reached skill level 5 in Dodging
  7249 | D:6      | Noticed a nameless horror
  7591 | D:6      | Got the uncursed ring mail "Ileomaic" {rF+ rCorr Str+6}
  7611 | D:6      | Found a staircase to the Ecumenical Temple.
  8050 | D:6      | Identified the +10 ring mail "Ileomaic" {rF+ rCorr Str+6}
                  | (You found it on level 6 of the Dungeon)
  8083 | D:7      | Reached * piety under Ashenzari
  8100 | D:7      | Reached skill level 1 in Conjurations
  8100 | D:7      | Reached skill level 1 in Summonings
  8430 | D:7      | Found Amec's General Store.
  8433 | D:7      | Bought a scroll of identify for 28 gold pieces
  8433 | D:7      | Bought a scroll of random uselessness for 14 gold pieces
  9077 | D:8      | Reached skill level 9 in Ice Magic
  9238 | D:8      | Reached skill level 10 in Ice Magic
  9242 | D:8      | Reached XP level 10. HP: 73/76 MP: 8/16
  9321 | D:8      | Found Olim's Weapon Boutique.
  9358 | D:8      | Found a burning altar of Makhleb.
  9358 | D:8      | Noticed an orange demon
  9358 | D:8      | Noticed a hell beast
  9358 | D:8      | Noticed a hell beast
  9513 | D:8      | Reached skill level 11 in Ice Magic
  9759 | D:8      | Noticed Joseph
  9776 | D:8      | Killed Joseph
 10151 | D:8      | Reached skill level 12 in Ice Magic
 10517 | D:9      | Found Zutoebam's Antique Weapon Shop.
 10713 | D:9      | Found Tupadite's Changing Room.
 10924 | D:9      | Reached skill level 1 in Armour
 10994 | D:9      | Found a white marble altar of Elyvilon.
 11002 | D:9      | Reached ** piety under Ashenzari
 11037 | D:9      | Found a staircase to the Lair.
 11412 | D:10     | Entered Level 10 of the Dungeon
 11419 | D:10     | Noticed an unseen horror
 11421 | D:10     | Killed an unseen horror
 11752 | D:10     | Reached skill level 5 in Evocations
 11755 | D:10     | Reached skill level 5 in Spellcasting
 11782 | D:10     | Reached XP level 11. HP: 74/84 MP: 5/19
 12101 | D:10     | Identified the +0 chain mail of Asceticism {rPois MP+9
                  | Int+2}
 12562 | D:11     | Noticed Grum
 12576 | D:11     | Killed Grum
 12862 | D:11     | Killed an unseen horror
 13117 | D:11     | Noticed Nergalle
 13135 | D:11     | Killed Nergalle
 13423 | D:11     | Noticed a manticore
 13437 | D:11     | Killed a manticore
 14109 | D:11     | Noticed an obsidian statue
 14230 | Lair:1   | Entered Level 1 of the Lair of Beasts
 14241 | Lair:1   | Noticed a six-headed hydra
 14247 | Lair:1   | Killed a six-headed hydra
 14276 | Lair:1   | Found a frozen archway.
 14294 | IceCv    | Entered an ice cave
 14786 | IceCv    | Reached XP level 12. HP: 88/92 MP: 20/23
 14787 | IceCv    | Reached skill level 13 in Ice Magic
 14835 | IceCv    | Reached *** piety under Ashenzari
 15178 | IceCv    | HP: 4/94 [polar bear (11)]
 15192 | IceCv    | HP: 1/94 [polar bear (6)]
 15662 | IceCv    | Noticed a frost giant
 16188 | IceCv    | Killed a frost giant
 16192 | IceCv    | Identified the amulet of the Past {Inacc MR+ Str+4}
 16200 | IceCv    | Identified the Grimoire of the Birds
 17087 | Lair:1   | Reached skill level 10 in Fighting
 17237 | Lair:1   | Noticed a four-headed hydra
 17237 | Lair:1   | Noticed an eight-headed hydra
 17251 | Lair:1   | Killed a four-headed hydra
 17307 | Lair:1   | Killed an eight-headed hydra
 17307 | Lair:1   | Gained mutation: You can hop long distances. [Barachi
                  | growth]
 17307 | Lair:1   | Reached XP level 13. HP: 100/103 MP: 23/25
 17418 | Lair:2   | Reached skill level 10 in Maces & Flails
 17664 | Lair:2   | Reached **** piety under Ashenzari
 17916 | Lair:2   | Identified the +3 flail of the Mushroom {protect, MR+
                  | Str+2}
 17989 | Lair:2   | Reached skill level 14 in Ice Magic
 18120 | Lair:2   | Found a staircase to the Swamp.
 19077 | Lair:3   | Noticed Rupert
 19086 | Lair:3   | Paralysed by Rupert for 7 turns
 19113 | Lair:3   | Killed Rupert
 19113 | Lair:3   | Reached skill level 10 in Spellcasting
 19113 | Lair:3   | Reached skill level 15 in Ice Magic
 19476 | Lair:3   | Noticed Snorg
 19505 | Lair:3   | Found a staircase to the Snake Pit.
 19664 | Lair:3   | Reached ***** piety under Ashenzari
 19726 | Lair:3   | Reached XP level 14. HP: 102/110 MP: 26/28
 19790 | Lair:3   | Identified the +11 falchion of Sotuj {speed, +Inv +Fly MR-}
 19825 | Lair:3   | Learned a level 6 spell: Ozocubu's Refrigeration
 19831 | Lair:3   | Learned a level 5 spell: Metabolic Englaciation
 19834 | Lair:3   | Learned a level 2 spell: Swiftness
 19895 | Lair:3   | Reached skill level 5 in Summonings
 19899 | Lair:3   | Reached skill level 1 in Air Magic
 20179 | Lair:4   | Reached skill level 1 in Hexes
 20717 | Lair:4   | Learned a level 1 spell: Apportation
 22079 | Lair:5   | Reached skill level 1 in Throwing
 22302 | Lair:5   | Reached skill level 5 in Armour
 22491 | Lair:5   | Reached skill level 16 in Ice Magic
 22895 | Lair:6   | Entered Level 6 of the Lair of Beasts
 23037 | Lair:5   | Reached skill level 5 in Conjurations
 23931 | Lair:6   | Reached XP level 15. HP: 108/117 MP: 29/29
 24607 | Lair:6   | Identified the Grimoire of the Frigorific Entourage
 25171 | Lair:6   | Found a staircase to the Slime Pits.
 25171 | Lair:6   | Found a viscous altar of Jiyva.
 25319 | Lair:6   | Reached skill level 5 in Throwing
 26393 | D:12     | Found Mypihot's Weapon Shop.
 26394 | D:12     | Found a staircase to the Orcish Mines.
 26396 | D:12     | Found Esounogi's Armour Shop.
 26436 | D:12     | Bought a +2 buckler of protection for 301 gold pieces
 26436 | D:12     | Bought a +1 helmet for 161 gold pieces
 26475 | D:12     | Found a runed translucent door.
 26482 | D:12     | Noticed emiel's ghost (journeyman FoAr)
 26630 | D:12     | Reached skill level 1 in Shields
 26689 | D:12     | Noticed Nessos
 26696 | D:12     | Killed Nessos
 26960 | D:12     | Killed emiel's ghost
 26960 | D:12     | Reached skill level 5 in Stealth
 27236 | D:5      | Killed Lanoc's ghost
 27508 | Orc:1    | Entered Level 1 of the Orcish Mines
 27864 | Orc:2    | Entered Level 2 of the Orcish Mines
 27864 | Orc:2    | Found a staircase to the Elven Halls.
 27865 | Orc:2    | Reached ****** piety under Ashenzari
 28619 | Orc:2    | Found a roughly hewn altar of Beogh.
 28728 | Orc:2    | Reached XP level 16. HP: 127/127 MP: 31/31
 28981 | Orc:2    | Found Zebuxeff's General Store.
 28993 | Orc:2    | Found Xeifi's General Store.
 30370 | Orc:2    | Found Virre's Gadget Shop.
 30370 | Orc:2    | Found Letze's Antique Armour Boutique.
 30371 | Orc:2    | Found a one-way gate leading to the halls of Pandemonium.
 30375 | Orc:2    | Bought a pair of runed gloves for 262 gold pieces
 30718 | Orc:2    | Bought a condenser vane for 720 gold pieces
 30844 | D:13     | Learned a level 4 spell: Airstrike
 30970 | D:13     | Noticed Azrael
 30981 | D:13     | Killed Azrael
 32238 | D:13     | Found a gate to the Vaults.
 33092 | D:14     | Reached skill level 10 in Throwing
 34035 | D:15     | Entered Level 15 of the Dungeon
 34035 | D:15     | Noticed Kirke
 34077 | D:15     | Identified the +7 rapier "Ultimatum" {vorpal, *Contam rPois
                  | MR+ SInv}
 34300 | D:15     | Reached XP level 17. HP: 130/133 MP: 33/33
 34979 | D:15     | Found a shadowy altar of Dithmenos.
 35102 | D:15     | Reached skill level 17 in Ice Magic
 35829 | D:15     | Killed Kirke
 35905 | D:15     | Reached skill level 10 in Dodging
 36274 | D:15     | Found a staircase to the Depths.
 36489 | Lair:3   | Killed Snorg
 36575 | Snake:1  | Entered Level 1 of the Snake Pit
 36729 | Snake:1  | Found Dimoetusu's Armour Emporium.
 40207 | Snake:3  | Noticed Agnes
 40211 | Snake:3  | Killed Agnes
 41174 | Snake:4  | Entered Level 4 of the Snake Pit
 41176 | Snake:4  | Reached XP level 18. HP: 134/146 MP: 21/34
 41177 | Snake:4  | Noticed Vashnia
 41407 | Snake:4  | Killed Vashnia
 41887 | Snake:4  | Reached skill level 15 in Fighting
 42357 | Snake:4  | Reached skill level 5 in Shields
 44698 | Snake:4  | Reached skill level 10 in Stealth
 45373 | Snake:4  | Got a serpentine rune of Zot
 45811 | Snake:4  | Reached XP level 19. HP: 114/155 MP: 11/35
 46977 | Swamp:1  | Entered Level 1 of the Swamp
 47734 | Swamp:1  | Noticed Nikola
 47896 | Swamp:1  | Killed Nikola
 47896 | Swamp:1  | Reached skill level 5 in Air Magic
 48855 | Swamp:2  | Reduced skill Shields to level 5
 49025 | Swamp:2  | Reached skill level 18 in Ice Magic
 49262 | Swamp:2  | Found a sacrificial altar of Ru.
 49265 | Swamp:2  | Noticed Roxanne
 50050 | Swamp:3  | Reached skill level 10 in Evocations
 50528 | Swamp:4  | Entered Level 4 of the Swamp
 51095 | Swamp:4  | Found a runed translucent gate.
 51096 | Swamp:4  | Identified the +1 leather armour of Nyuticoa {rN+ Str+3
                  | Int+6}
 51096 | Swamp:4  | Found a runed translucent gate.
 51100 | Swamp:4  | Found a runed translucent gate.
 51106 | Swamp:4  | Noticed p0werm0de's ghost (journeyman DDFi)
 51611 | Swamp:4  | Killed from afar by a will-o-the-wisp

Illustrated notes

Levels and vault maps discovered:
D:1:      scummos_arrival_simple_crosswalls, layout_loops_ring
D:2:      layout_basic, corexii_leaking_fountain, chequers_serial_rivers_room_b
D:3:      layout_loops_ring, gammafunk_temple_overflow_arena,
          chequers_ecumenical_altar_lobes
D:4:      layout_basic, gup_sewer_entry_pipe
D:5:      layout_loops_ring, serial_shops,
          nicolae_shop_temple_entry_statues_fountains,
          hellmonk_ghost_happy_afterlife, uniq_edmund
D:6:      layout_gridville, lemuel_temple_firewalk_b,
          corexii_item_surrounded_by_moat
D:7:      layout_loops_cross, serial_shops, kennysheep_mini_moat
D:8:      layout_loops_ring, serial_shops, shop, lemuel_hellish_altar,
          uniq_joseph
D:9:      layout_stronghold, dpeg_oklobed_lair, serial_shops,
          nicolae_shop_waterfront, nicolae_transmutations_shop, elyvilon_altar_3
D:10:     cheibrodos_barr_body, layout_rooms, hangedman_decor_points
D:11:     minmay_statue_hallways, layout_irregular_city, uniq_nergalle,
          uniq_grum
D:12:     layout_loops_corners, orc_david_3, ebering_ghost_reflecting_pool,
          minmay_beelzebubs_servants, uniq_nessos
D:13:     layout_rooms, ximxim_vaults_locker_room, uniq_azrael
D:14:     layout_rooms, chequers_serial_rivers_large_b, wad_dig_loot
D:15:     gammafunk_enter_depths_forms, layout_basic, grunt_dithmenos_shadows,
          minmay_guarded_unrand_curses, uniq_kirke
Lair:1:   layout_regular_city, portal_ice_cave_demonic_guard, st_stairs_12
Lair:2:   layout_loops_ring, minmay_swamp_entry_worms
Lair:3:   layout_chaotic_city, minmay_snake_entry_guardpost_small, ice2_lemuel,
          serial_bayou_shore_b, lemuel_fruit_tree, grunt_megastairs_1,
          lemuel_fruit_fields, lemuel_fruit_fields, uniq_rupert, uniq_snorg
Lair:4:   wad_woods_minihive, layout_loops_ring, minivault_25,
          kennysheep_abandoned_house
Lair:5:   cheibrodos_lair_river_kwai, layout_cave_pods,
          chequers_serial_rivers_marsh, beast_lair_carwin_4
Lair:6:   minmay_lair_end_frog_pond, layout_cave_pods, slime_altar_1
Swamp:1:  layout_falls_marsh, evilmike_swamp_ruin_house_6, swamp_pool5,
          uniq_nikola
Swamp:2:  layout_falls_marsh, basic_altar, uniq_roxanne
Swamp:3:  layout_basic_swamp, infiniplex_staircase_pool_2
Swamp:4:  swamp_alternative, layout_basic_swamp, gammafunk_ghost_split,
          uniq_bai_suzhen
Snake:1:  nrook_guardian_serpent_snake_passage, layout_gridlike, serial_shops,
          shop_coins, serial_bayou_shore_a
Snake:2:  layout_rooms, serial_curves, eino_curves_02, eino_curves_04
Snake:3:  layout_misc_corridors, uniq_agnes
Snake:4:  grunt_snake_rune_spirals, layout_onion_interference, st_stairs_9,
          drop_trap, uniq_vashnia
Orc:1:    layout_caves
Orc:2:    pf_orc_diabolical, layout_diamond_mine, basic_altar

Skill      XL: |  1  2  3  4  5  6  7  8  9 10 11 12 13 14 15 16 17 18 19 |
---------------+----------------------------------------------------------+-----
Ice Magic      | 5 6 8 10 12 13 15 16 17 18 | 18.1
Maces & Flails | 1 2 3 4 5 6 9 10 | 10.4
Fighting       | 1 3 4 6 7 8 10 12 14 15 16 | 16.7
Spellcasting   | 3 4 5 7 8 10 11 12 | 12.6
Evocations     | 1 4 5 6 7 9 10 | 10.2
Dodging        | 4 6 8 9 10 11 | 11.6
Conjurations   | 2 3 5 6 |  6.9
Summonings     | 4 5 |  5.3
Armour         | 2 4 5 |  5.5
Stealth        | 4 5 8 10 | 10.9
Air Magic      | 3 4 6 |  6.1
Hexes          | 2 |  2.0
Throwing       | 3 6 11 12 | 12.0
Shields        | 3 4 8 4 |  4.5

Action                   |  1- 3 |  4- 6 |  7- 9 | 10-12 | 13-15 | 16-18 | 19-21 || total
-------------------------+-------+-------+-------+-------+-------+-------+-------++-------
Melee: Whip              |     9 |    56 |     7 |       |       |       |       ||    72
       Flail             |       |       |    80 |   179 |       |       |       ||   259
       Dire flail        |       |       |       |   187 |  1023 |  1207 |   367 ||  2784
Throw: Stone             |       |     5 |       |       |       |       |       ||     5
       Throwing net      |       |       |     1 |       |       |       |       ||     1
       Boomerang         |       |       |     3 |     8 |       |     1 |       ||    12
       Dart              |       |       |       |    21 |     2 |     1 |       ||    24
 Cast: Freeze            |    30 |    30 |    44 |    65 |       |       |       ||   169
       Frozen Ramparts   |     2 |    29 |    44 |    59 |    76 |    84 |     6 ||   300
       Summon Ice Beast  |       |       |     8 |     2 |     3 |    17 |       ||    30
       Ozocubu's Armour  |       |       |     6 |    28 |    32 |     7 |       ||    73
       Ozocubu's Refrige |       |       |       |       |     5 |    40 |    21 ||    66
       Metabolic Englaci |       |       |       |       |     1 |     1 |       ||     2
       Hailstorm         |       |       |       |       |     1 |     2 |       ||     3
       Airstrike         |       |       |       |       |       |     5 |       ||     5
Invok: Curse Item        |       |       |       |     7 |       |     2 |       ||     9
       Transfer Knowledg |       |       |       |       |       |       |     1 ||     1
 Abil: Hop               |     3 |     1 |     1 |     1 |     2 |       |     1 ||     9
Evoke: Wand              |       |       |    12 |     6 |     6 |    12 |     3 ||    39
       Condenser vane    |       |       |       |       |       |     1 |       ||     1
       Lightning rod     |       |       |       |       |       |       |     1 ||     1
  Use: Scroll            |     4 |     8 |     7 |    12 |     6 |     4 |     4 ||    45
       Potion            |       |       |       |     2 |       |     1 |       ||     3
 Stab: Sleeping          |       |       |     1 |       |     4 |    12 |     8 ||    25
       Distracted        |       |       |       |       |    13 |    14 |     7 ||    34
       Paralysed         |       |       |       |       |     5 |       |       ||     5
Armor: Robe              |     6 |    19 |    24 |       |       |       |       ||    49
       Ring mail         |       |       |     8 |   234 |   341 |   299 |   142 ||  1024
Dodge: Dodged            |    22 |    42 |   109 |   340 |   657 |   762 |   282 ||  2214

Table legend: (Time is in decaauts)
 A = Elapsed time spent in this place.
 B = Non-inter-level travel time spent in this place.
 C = Inter-level travel time spent in this place.
 D = Time resting spent in this place.
 E = Time spent auto-exploring this place.
 F = Levels seen in this place.
 G = Mean time per level.
                   A        B        C        D        E       F      G
               +--------+--------+--------+--------+--------+-----+--------+
         Total |  55070 |  50889 |   4181 |  18239 |  23612 |  33 | 1668.8 |
       Dungeon |  22498 |  20040 |   2458 |   5131 |  11351 |  15 | 1499.9 |
          Lair |  11811 |  10964 |    847 |   3575 |   5538 |   6 | 1968.5 |
         Swamp |   3744 |   3626 |    118 |   1497 |   1516 |   4 |  936.0 |
     Snake Pit |  10240 |   9876 |    364 |   5271 |   3042 |   4 | 2560.0 |
  Orcish Mines |   3550 |   3158 |    392 |    862 |   1501 |   2 | 1775.0 |
         Sewer |    946 |    946 |      0 |    517 |    223 |   1 |  946.0 |
      Ice Cave |   2278 |   2278 |      0 |   1385 |    439 |   1 | 2278.0 |
               +--------+--------+--------+--------+--------+-----+--------+

Top non-repeatable levels by time:
 Snake:4: 4691 daAuts
   Orc:2: 2741 daAuts
  Lair:2: 2644 daAuts
 Snake:1: 2598 daAuts
  Lair:5: 2487 daAuts
   IceCv: 2278 daAuts
    D:15: 2254 daAuts
    D:11: 2140 daAuts
  Lair:6: 2025 daAuts
     D:8: 1940 daAuts
  Lair:4: 1840 daAuts
    D:13: 1774 daAuts
  Lair:3: 1679 daAuts
     D:1: 1674 daAuts
     D:3: 1571 daAuts
